APP
HELENA BREWERS @ WASHINGTON (APP) NATIONALS
09/02/2049
 
TOP OF THE 1ST
Helena Brewers batting - Pitching for Washington (APP) Nationals : LHP Mark Ellis
Pitching: LHP Mark Ellis
Batting: LHB Andy Buschlen 0-0: Foul Ball, location: 2F
0-1: Ball
1-1: Ball
2-1: Called Strike
2-2: Ball
3-2: Base on Balls
Batting: RHB Daniel Pena 0-0: Ball
1-0: Ball
Pickoff Throw to First - Error! E1
Andy Buschlen to second
2-0: Ball
3-0: Called Strike
3-1: SINGLE (Groundball, 6MS, EV 74.4 MPH) (infield hit)
Andy Buschlen to third
Batting: RHB Austin Doig 0-0: Ball
1-0: Called Strike
1-1: Called Strike
1-2: Strikes out looking
Batting: LHB Tony Hasbun Balk!
Andy Buschlen scores
Daniel Pena to second
0-0: Ball
1-0: Foul Ball, location: 2F
1-1: SINGLE (Popup, 6D, EV 66.2 MPH)
Daniel Pena to third
Batting: RHB Frank Pena 0-0: Foul Ball, location: 2F
0-1: Ball
1-1: Foul Ball, location: 2F
1-2: Grounds into double play, 6-4-3 (Groundball, 6, EV 91.2 MPH)
Top of the 1st over - 1 run, 2 hits, 1 error, 1 left on base; Helena 1 - Washington (APP) 0
BOTTOM OF THE 1ST
Washington (APP) Nationals batting - Pitching for Helena Brewers : LHP Mamoru Okazaki
Pitching: LHP Mamoru Okazaki
Batting: RHB Jess Thomas 0-0: Ball
1-0: Ball
2-0: Ball
3-0: Base on Balls
Batting: RHB Billy Williamson 0-0: Called Strike
0-1: Grounds into double play, 6-4-3 (Groundball, 6, EV 93.8 MPH)
Batting: RHB Akira Ishihara 0-0: Ball
1-0: Ball
2-0: Ball
3-0: Base on Balls
Batting: RHB Ryan Wright 0-0: Called Strike
0-1: Ball
1-1: Ball
2-1: Ball
3-1: Foul Ball, location: 2F
3-2: Strikes out looking
Bottom of the 1st over - 0 runs, 0 hits, 0 errors, 1 left on base; Helena 1 - Washington (APP) 0
TOP OF THE 2ND
Helena Brewers batting - Pitching for Washington (APP) Nationals : LHP Mark Ellis
Batting: RHB Mohammed bin Ubaida 0-0: Ball
1-0: Ball
2-0: SINGLE (Groundball, 6MD, EV 111.2 MPH)
Batting: LHB Alex Chairez 0-0: Called Strike
0-1: Ball
1-1: Ball
2-1: Fly out, F8 (Line Drive, 8LD, EV 88.8 MPH)
Batting: RHB Justin Marino 0-0: Called Strike
0-1: Swinging Strike
0-2: Foul Ball, location: 2F
0-2: Fly out, F6 (Line Drive, 56D, EV 69.4 MPH)
Batting: RHB Gil Sanchez 0-0: Foul Ball, location: 2F
0-1: Ball
1-1: Ball
2-1: Swinging Strike
2-2: Foul Ball, location: 2F
2-2: 2-RUN HOME RUN (Flyball, 7D, EV 109.4 MPH), Distance : 409 ft
Batting: LHB Andy Buschlen 0-0: Ball
1-0: Ball
2-0: Ball
3-0: Called Strike
3-1: Foul Ball, location: 2F
3-2: Foul Ball, location: 2F
3-2: Base on Balls
Batting: RHB Daniel Pena 0-0: Called Strike
0-1: Ball
1-1: Ball
2-1: Swinging Strike
2-2: Ball
3-2: Base on Balls
Andy Buschlen to second
Batting: RHB Austin Doig 0-0: Called Strike
0-1: Ball
1-1: Fly out, F7 (Flyball, 7LSF, EV 83.8 MPH)
Top of the 2nd over - 2 runs, 2 hits, 0 errors, 2 left on base; Helena 3 - Washington (APP) 0
BOTTOM OF THE 2ND
Washington (APP) Nationals batting - Pitching for Helena Brewers : LHP Mamoru Okazaki
Batting: RHB Armando Moreno 0-0: Ball
1-0: Called Strike
1-1: Fly out, F8 (Flyball, 8RXD, EV 101.9 MPH)
Batting: RHB Ken Yeadon 0-0: Called Strike
0-1: Foul Ball, location: 2F
0-2: Ball
1-2: Ball
2-2: SOLO HOME RUN (Flyball, 9D, EV 96.9 MPH), Distance : 366 ft
Batting: RHB Victor Rojas 0-0: Ball
1-0: Ball
2-0: Ball
3-0: Foul Ball, location: 2F
3-1: SINGLE (Line Drive, 6D, EV 96.9 MPH)
Batting: RHB Steve Boice 0-0: Ball
Victor Rojas steals 2nd base
1-0: Ball
2-0: Fly out, F8 (Flyball, 78S, EV 83.8 MPH)
Batting: RHB Alex Gonzalez 0-0: Foul Ball, location: 2F
0-1: Ground out 6-3 (Groundball, 56, EV 88.8 MPH)
Bottom of the 2nd over - 1 run, 2 hits, 0 errors, 1 left on base; Helena 3 - Washington (APP) 1
TOP OF THE 3RD
Helena Brewers batting - Pitching for Washington (APP) Nationals : LHP Mark Ellis
Batting: LHB Tony Hasbun 0-0: Called Strike
0-1: Called Strike
0-2: Strikes out looking
Batting: RHB Frank Pena 0-0: Called Strike
0-1: Ball
1-1: Ball
2-1: Foul Ball, location: 2F
2-2: Ball
3-2: Foul Ball, location: 2F
3-2: Base on Balls
Batting: RHB Mohammed bin Ubaida 0-0: Foul Ball, location: 2F
0-1: Called Strike
0-2: Foul Ball, location: 2F
0-2: Strikes out swinging
Batting: LHB Alex Chairez 0-0: Foul Ball, location: 2F
0-1: Ball
1-1: Ball
2-1: Ball
3-1: Called Strike
3-2: Base on Balls
Frank Pena to second
Pitching: RHP Seth Wright
Batting: RHB Justin Marino 0-0: Foul Ball, location: 2F
0-1: SINGLE (Groundball, 6D, EV 100.0 MPH)
Frank Pena to third
Alex Chairez to second
Runner from 3rd tries for Home, SAFE, throw by CF to home
Alex Chairez to third
Justin Marino to second
Batting: RHB Gil Sanchez 0-0: Foul Ball, location: 2F
0-1: Foul Ball, location: 2F
0-2: Strikes out swinging
Top of the 3rd over - 1 run, 1 hit, 0 errors, 2 left on base; Helena 4 - Washington (APP) 1
BOTTOM OF THE 3RD
Washington (APP) Nationals batting - Pitching for Helena Brewers : LHP Mamoru Okazaki
Batting: RHB Jess Thomas 0-0: Swinging Strike
0-1: Ball
1-1: Swinging Strike
1-2: Ball
2-2: Ground out 6-3 (Groundball, 6MS, EV 68.1 MPH)
Batting: RHB Billy Williamson 0-0: Ball
1-0: Ball
2-0: Called Strike
2-1: Ball
3-1: Foul Ball, location: 2F
3-2: Base on Balls
Batting: RHB Akira Ishihara 0-0: Ball
Billy Williamson steals 2nd, throwing error, E2
Billy Williamson to third
1-0: Called Strike
1-1: Ball
2-1: Ground out 6-3 (Groundball, P, EV 86.9 MPH)
Billy Williamson scores
Batting: RHB Ryan Wright 0-0: Ball
1-0: Called Strike
1-1: Swinging Strike
1-2: Foul Ball, location: 2F
1-2: Ball
2-2: Foul Ball, location: 2F
2-2: Strikes out swinging
Bottom of the 3rd over - 1 run, 0 hits, 1 error, 0 left on base; Helena 4 - Washington (APP) 2
TOP OF THE 4TH
Helena Brewers batting - Pitching for Washington (APP) Nationals : RHP Seth Wright
Batting: LHB Andy Buschlen 0-0: Ball
1-0: Swinging Strike
1-1: Ball
2-1: Foul Ball, location: 2F
2-2: Strikes out swinging
Batting: RHB Daniel Pena 0-0: Called Strike
0-1: Swinging Strike
0-2: Foul Ball, location: 2F
0-2: Foul Ball, location: 2F
0-2: Strikes out swinging
Batting: RHB Austin Doig 0-0: Ball
1-0: Foul Ball, location: 2F
1-1: Foul Ball, location: 2F
1-2: Foul Ball, location: 2F
1-2: Ball
2-2: Ball
3-2: Base on Balls
Batting: LHB Tony Hasbun 0-0: Swinging Strike
0-1: Ground out 4-3 (Groundball, 34, EV 88.1 MPH)
Top of the 4th over - 0 runs, 0 hits, 0 errors, 1 left on base; Helena 4 - Washington (APP) 2
BOTTOM OF THE 4TH
Washington (APP) Nationals batting - Pitching for Helena Brewers : LHP Mamoru Okazaki
Batting: RHB Armando Moreno 0-0: Swinging Strike
0-1: Ball
1-1: Ball
2-1: Swinging Strike
2-2: SINGLE (Groundball, 56D, EV 96.9 MPH) (infield hit)
Batting: RHB Ken Yeadon 0-0: Swinging Strike
0-1: Called Strike
0-2: Foul Ball, location: 2F
0-2: Ball
1-2: Ball
2-2: 2-RUN HOME RUN (Flyball, 9LD, EV 90.0 MPH), Distance : 334 ft
Batting: RHB Victor Rojas 0-0: Called Strike
0-1: Foul Ball, location: 2F
0-2: Strikes out swinging
Batting: RHB Steve Boice 0-0: Fly out, F9 (Line Drive, 9S, EV 100.6 MPH)
Batting: RHB Alex Gonzalez 0-0: Called Strike
0-1: Ball
1-1: Ball
2-1: Fly out, F9 (Flyball, 9S, EV 85.0 MPH)
Bottom of the 4th over - 2 runs, 2 hits, 0 errors, 0 left on base; Helena 4 - Washington (APP) 4
TOP OF THE 5TH
Helena Brewers batting - Pitching for Washington (APP) Nationals : RHP Seth Wright
Batting: RHB Frank Pena 0-0: SINGLE (Flyball, 78S, EV 93.1 MPH)
Batting: RHB Mohammed bin Ubaida 0-0: Called Strike
0-1: Swinging Strike
0-2: Ball
1-2: Reached on error, E6 (Groundball, 6, EV 82.5 MPH)
Frank Pena to second
Pitching: RHP Ramiro Ramirez
Batting: LHB Alex Chairez 0-0: Foul Ball, location: 2F
0-1: Called Strike
0-2: Ball
1-2: SINGLE (Line Drive, 78S, EV 95.0 MPH)
Frank Pena to third
Mohammed bin Ubaida to second
Runner from 3rd tries for Home, throw by LF and OUT! 7-2
Pinch Hitting: SHB C.J. Olivares 0-0: Foul Ball, location: 2F
0-1: Swinging Strike
0-2: Foul Ball, location: 2F
0-2: Foul Ball, location: 2F
0-2: Reached on error, E1 (Groundball, 13S, EV 71.2 MPH)
Mohammed bin Ubaida to third
Alex Chairez to second
Batting: RHB Austin Sweetman 0-0: Ball
1-0: Foul Ball, location: 2F
1-1: Ball
2-1: Foul Ball, location: 2F
2-2: Ball
3-2: Foul Ball, location: 2F
3-2: Base on Balls
Mohammed bin Ubaida scores
Alex Chairez to third
C.J. Olivares to second
Batting: LHB Andy Buschlen 0-0: Swinging Strike
0-1: Foul Ball, location: 2F
0-2: Ball
1-2: Ball
2-2: Foul Ball, location: 2F
2-2: Foul Ball, location: 2F
2-2: Foul Ball, location: 2F
2-2: Foul Ball, location: 2F
2-2: Fly out, F8 (Flyball, 8LM, EV 82.5 MPH)
Runner from 3rd tags up, SCORES, no throw by CF
Pitching: RHP Karl-Anthony Aure
Batting: RHB Daniel Pena 0-0: Ball
1-0: Ball
2-0: Called Strike
2-1: Foul Ball, location: 2F
2-2: Strikes out looking
Top of the 5th over - 2 runs, 2 hits, 2 errors, 2 left on base; Helena 6 - Washington (APP) 4
BOTTOM OF THE 5TH
Washington (APP) Nationals batting - Pitching for Helena Brewers : LHP Mamoru Okazaki
Pitching: RHP Matt Stearns
Now at SS: Jesus Menjivar
Batting: RHB Jess Thomas 0-0: Fly out, F9 (Flyball, 9, EV 92.5 MPH)
Batting: RHB Billy Williamson 0-0: Called Strike
0-1: Swinging Strike
0-2: Ball
1-2: Ball
2-2: Ball
3-2: Foul Ball, location: 2F
3-2: Strikes out swinging
Batting: RHB Akira Ishihara 0-0: Called Strike
0-1: Swinging Strike
0-2: Ball
1-2: Ball
2-2: Foul Ball, location: 2F
2-2: Strikes out looking
Bottom of the 5th over - 0 runs, 0 hits, 0 errors, 0 left on base; Helena 6 - Washington (APP) 4
TOP OF THE 6TH
Helena Brewers batting - Pitching for Washington (APP) Nationals : RHP Karl-Anthony Aure
Batting: RHB Austin Doig 0-0: Ball
1-0: Ball
2-0: Called Strike
2-1: Fly out, F9 (Flyball, 9, EV 88.8 MPH)
Batting: LHB Tony Hasbun 0-0: Ball
1-0: Swinging Strike
1-1: Ball
2-1: Swinging Strike
2-2: Strikes out swinging
Batting: RHB Frank Pena 0-0: Called Strike
0-1: Swinging Strike
0-2: Foul Ball, location: 2F
0-2: Foul Ball, location: 2F
0-2: Ball
1-2: Ball
2-2: Ball
3-2: Foul Ball, location: 2F
3-2: Foul Ball, location: 2F
3-2: Fly out, F6 (Popup, P, EV 76.2 MPH)
Top of the 6th over - 0 runs, 0 hits, 0 errors, 0 left on base; Helena 6 - Washington (APP) 4
BOTTOM OF THE 6TH
Washington (APP) Nationals batting - Pitching for Helena Brewers : RHP Matt Stearns
Batting: RHB Ryan Wright 0-0: Foul Ball, location: 2F
0-1: Fly out, F8 (Flyball, 89S, EV 89.4 MPH)
Batting: RHB Armando Moreno 0-0: Ball
1-0: Foul Ball, location: 2F
1-1: Ball
2-1: Swinging Strike
2-2: Strikes out looking
Batting: RHB Ken Yeadon 0-0: Ball
1-0: Ground out 1-3 (Groundball, 34S, EV 68.1 MPH)
Bottom of the 6th over - 0 runs, 0 hits, 0 errors, 0 left on base; Helena 6 - Washington (APP) 4
TOP OF THE 7TH
Helena Brewers batting - Pitching for Washington (APP) Nationals : RHP Karl-Anthony Aure
Batting: RHB Mohammed bin Ubaida 0-0: Ball
1-0: Ball
2-0: Ball
3-0: Called Strike
3-1: Foul Ball, location: 2F
3-2: Strikes out looking
Batting: LHB Alex Chairez 0-0: Ball
1-0: Ball
2-0: Ball
3-0: Base on Balls
Pitching: RHP Faradur Bhutani
Batting: RHB Jesus Menjivar 0-0: Foul Ball, location: 2F
0-1: Ball
1-1: Swinging Strike
1-2: Ball
2-2: Ball
3-2: Base on Balls
Alex Chairez to second
Batting: RHB Austin Sweetman 0-0: Ball
Passed Ball!
Alex Chairez to third
Jesus Menjivar to second
1-0: Swinging Strike
1-1: Called Strike
1-2: Ball
2-2: Strikes out swinging
Batting: LHB Andy Buschlen 0-0: Intentional Walk
Batting: RHB Daniel Pena 0-0: Foul Ball, location: 2F
0-1: Ball
1-1: Swinging Strike
1-2: Ball
2-2: Ball
3-2: Foul Ball, location: 2F
3-2: Strikes out swinging
Top of the 7th over - 0 runs, 0 hits, 0 errors, 3 left on base; Helena 6 - Washington (APP) 4
BOTTOM OF THE 7TH
Washington (APP) Nationals batting - Pitching for Helena Brewers : RHP Matt Stearns
Batting: RHB Victor Rojas 0-0: Called Strike
0-1: Swinging Strike
0-2: Ball
1-2: Strikes out swinging
Batting: RHB Steve Boice 0-0: Ball
1-0: Ball
2-0: Ball
3-0: Called Strike
3-1: Base on Balls
Batting: RHB Alex Gonzalez 0-0: Called Strike
0-1: Ball
1-1: Ball
2-1: Foul Ball, location: 2F
2-2: Foul Ball, location: 2F
2-2: Foul Ball, location: 2F
2-2: Fly out, F9 (Flyball, BS6, EV 98.8 MPH)
Batting: RHB Jess Thomas 0-0: Ball
Pickoff Throw to First - Out! 1-3 CS
Bottom of the 7th over - 0 runs, 0 hits, 0 errors, 0 left on base; Helena 6 - Washington (APP) 4
TOP OF THE 8TH
Helena Brewers batting - Pitching for Washington (APP) Nationals : RHP Faradur Bhutani
Batting: RHB Austin Doig 0-0: Fly out, F9 (Flyball, 9S, EV 81.9 MPH)
Pitching: RHP Cody Hadden
Batting: LHB Tony Hasbun 0-0: SINGLE (Line Drive, 3D, EV 99.4 MPH)
Batting: RHB Frank Pena 0-0: Called Strike
0-1: Ball
1-1: Ball
2-1: Foul Ball, location: 2F
2-2: Fielders Choice at 2nd, 4-6 (Groundball, 4, EV 83.8 MPH)
Batting: RHB Mohammed bin Ubaida 0-0: Ball
1-0: Foul Ball, location: 2F
1-1: Ball
2-1: SINGLE (Groundball, 6D, EV 98.1 MPH)
Frank Pena to second
Runner from 2nd tries for 3rd, SAFE, no throw by CF
Batting: LHB Alex Chairez 0-0: Ball
1-0: Ball
2-0: Ball
3-0: Base on Balls
Mohammed bin Ubaida to second
Batting: RHB Jesus Menjivar 0-0: Called Strike
0-1: Swinging Strike
0-2: Ball
1-2: Strikes out looking
Top of the 8th over - 0 runs, 2 hits, 0 errors, 3 left on base; Helena 6 - Washington (APP) 4
BOTTOM OF THE 8TH
Washington (APP) Nationals batting - Pitching for Helena Brewers : RHP Matt Stearns
Now at 3B: Fernando Mejia
Now at SS: Mohammed bin Ubaida
Now in LF: Daniel Pena
Now in CF: Jesus Menjivar
Now in RF: Danny Bautista
Batting: RHB Jess Thomas 0-0: Foul Ball, location: 2F
0-1: Ball
1-1: Foul Ball, location: 2F
1-2: Ball
2-2: Strikes out swinging
Batting: RHB Billy Williamson 0-0: Called Strike
0-1: Ball
1-1: Ball
2-1: Called Strike
2-2: Foul Ball, location: 2F
2-2: Fly out, F8 (Line Drive, 78M, EV 91.9 MPH)
Batting: RHB Akira Ishihara 0-0: Ball
1-0: Ball
2-0: Ball
3-0: Called Strike
3-1: Foul Ball, location: 2F
3-2: Strikes out swinging
Bottom of the 8th over - 0 runs, 0 hits, 0 errors, 0 left on base; Helena 6 - Washington (APP) 4
TOP OF THE 9TH
Helena Brewers batting - Pitching for Washington (APP) Nationals : RHP Cody Hadden
Batting: RHB Austin Sweetman 0-0: Ball
1-0: Called Strike
1-1: Swinging Strike
1-2: Strikes out swinging, 2-3 out at first.
Batting: RHB Fernando Mejia 0-0: Ball
1-0: Ball
2-0: Called Strike
2-1: Ball
3-1: Fly out, F8 (Flyball, 8LS, EV 88.8 MPH)
Batting: RHB Daniel Pena 0-0: Ball
1-0: Ball
2-0: Ball
3-0: Base on Balls
Batting: LHB Danny Bautista 0-0: Ball
1-0: Swinging Strike
1-1: Swinging Strike
1-2: Ball
2-2: Ball
3-2: Base on Balls
Daniel Pena to second
Pitching: RHP Yorinobu Matsumoto
Batting: LHB Tony Hasbun 0-0: Ball
1-0: Foul Ball, location: 2F
1-1: Foul Ball, location: 2F
1-2: Ball
2-2: Foul Ball, location: 2F
2-2: SINGLE (Groundball, 56D, EV 102.5 MPH)
Daniel Pena to third
Danny Bautista to second
Runner from 3rd tries for Home, throw by LF and OUT! 7-2
Top of the 9th over - 0 runs, 1 hit, 0 errors, 2 left on base; Helena 6 - Washington (APP) 4
BOTTOM OF THE 9TH
Washington (APP) Nationals batting - Pitching for Helena Brewers : RHP Matt Stearns
Pitching: LHP Dan Mclaren
Batting: RHB Ryan Wright 0-0: Ball
1-0: Foul Ball, location: 2F
1-1: Swinging Strike
1-2: Ball
2-2: Ball
3-2: Base on Balls
Batting: RHB Armando Moreno 0-0: Called Strike
0-1: Ball
1-1: Swinging Strike
1-2: Foul Ball, location: 2F
1-2: Ball
2-2: Strikes out looking
Batting: RHB Ken Yeadon 0-0: Ball
1-0: Ball
2-0: Ball
3-0: Base on Balls
Ryan Wright to second
Batting: RHB Victor Rojas 0-0: Called Strike
0-1: TRIPLE (Flyball, 7LD, EV 97.5 MPH)
Ryan Wright scores
Ken Yeadon scores
Batting: RHB Steve Boice 0-0: Intentional Walk
Batting: RHB Alex Gonzalez 0-0: Ball
1-0: Swinging Strike
1-1: Ball
2-1: Ball
3-1: Called Strike
3-2: Strikes out swinging
Batting: RHB Jess Thomas 0-0: Swinging Strike
0-1: SINGLE (Groundball, 4S, EV 68.1 MPH) (infield hit)
Victor Rojas scores
Bottom of the 9th over - 3 runs, 2 hits, 0 errors, 1 left on base; Helena 6 - Washington (APP) 7
Sunday, July 16th , 2023 - OOTP Baseball 24.6 Build 69